 Dungeon Crawl Stone Soup version 0.29-a0-334-gb41bcbb86e (webtiles) character file.

Game seed: 11168721708023893971

36 zishaf the Sneak (level 3, -2/19 HPs)
             Began as a Vine Stalker Brigand on Apr 16, 2022.
             Slain by a gnoll
             ... wielding a +0 halberd
              (11 damage)
             ... on level 2 of the Dungeon.
             The game lasted 00:02:37 (892 turns).

zishaf the Sneak (Vine Stalker Brigand)              Turns: 892, Time: 00:02:37

Health: -2/19      AC:  4    Str: 13    XL:     3   Next: 37%
Magic:  0/4        EV: 12    Int: 11    God:
Gold:   82         SH:  0    Dex: 17    Spells: 2/2 levels left

rFire   . . .      SeeInvis .   a - +2 dagger
rCold   . . .      Faith    .   (no shield)
rNeg    . . .      Spirit   +   i - +0 robe
rPois   .          Reflect  .   (no helmet)
rElec   .          Harm     .   c - +0 cloak
rCorr   .          Rampage  .   n - +0 pair of gloves
Will    .....                   (no boots)
Stlth   +++.......              (no amulet)
HPRegen 0.06/turn               (no ring)
MPRegen 0.09/turn               (no ring)

@: no status effects
A: fangs 2, magic shield, antimagic bite, no potion heal 2
a: no special abilities


You were on level 2 of the Dungeon.
You visited 1 branch of the dungeon, and saw 2 of its levels.

You collected 82 gold pieces.

Inventory:

Hand Weapons
 a - a +2 dagger (weapon)
 b - a +0 hunting sling
Missiles
 d - 3 poisoned darts (quivered)
 e - 3 curare-tipped darts
Armour
 c - a +0 cloak (worn)
 i - a +0 robe (worn)
 n - a +0 pair of gloves (worn)
Scrolls
 f - a scroll of enchant weapon {unknown}
 g - 2 scrolls of identify {unknown}
 j - a scroll of torment {unknown}
 l - a scroll of enchant armour {unknown}
 p - 3 scrolls of teleportation {unknown}
Potions
 h - 2 potions of heal wounds {unknown}
 k - 2 potions of berserk rage {unknown}
 m - a potion of might {unknown}
 o - 2 potions of mutation {unknown}


   Skills:
 + Level 2.3 Fighting
 + Level 2.3 Short Blades
 - Level 1.7 Throwing
 - Level 1.0 Dodging
 + Level 5.3 Stealth


You had 2 spell levels left.
You didn't know any spells.
Your spell library was empty.

Dungeon Overview and Level Annotations

Branches:
Dungeon (2/15)

Altars:


Innate Abilities, Weirdness & Mutations

You have extremely sharp teeth.
When hurt, damage is shared between your health and your magic reserves.
Your bite disrupts and absorbs the magic of your enemies.
Potions cannot restore your health.


Message History

You hear a splash.
A jackal comes into view.
You kill the gnoll!
You hear a splash.
The jackal attacks as you move away! The jackal closely misses you.
The jackal barely misses you.
The jackal bites you but does no damage.
You see here a +0 club.
The jackal attacks as you move away! The jackal bites you.
The jackal barks!
The jackal attacks as you move away!
The jackal splashes around in the water.
The jackal bites you but does no damage.
The jackal barely misses you.
You barely miss the jackal. Your bite misses the jackal.
The jackal closely misses you.
You hit the jackal. Your bite misses the jackal.
The jackal is lightly wounded.
The jackal bites you.
You hit the jackal.
The jackal is moderately wounded.
The jackal closely misses you. The jackal barely misses you.
You hit the jackal.
You kill the jackal!
You hit the jackal. Your bite misses the jackal.
The jackal is moderately wounded.
The jackal misses you. x2
You barely miss the jackal. Your bite misses the jackal.
The jackal is moderately wounded.
The jackal barely misses you.
You closely miss the jackal. You bite the jackal. You drain its power.
You feel invigorated.
The jackal is heavily wounded.
The jackal bites you but does no damage.
The gnoll barely misses you.
You hit the jackal.
You kill the jackal!
The gnoll hits you from afar with a +0 halberd!
Ouch! That really hurt!
You die...

### ##### #.. ...# #.# ### #
###.### #.###≈♣ #. #.....#
#.##≈≈♣♣♣#.# ##
##.#.#.####.#≈≈≈≈≈♣ ♣.###.
##..<..÷÷.@hg♣≈≈≈g≈♣♣♣♣....
#...#.#.####≈)≈≈≈≈≈P≈♣♣)##.
###.......###♣≈PP≈≈≈≈≈≈≈)♣≈#.
#.##..<....####≈≈≈≈≈≈≈≈P≈≈≈≈≈≈≈.
#..........# ##≈≈≈≈≈≈≈≈≈≈≈≈≈≈≈P♣
####.......# #...≈≈≈≈≈≈≈≈≈≈≈P≈PP
###...### #....†..h..........
#.........≈.≈≈≈≈≈≈≈≈≈≈≈≈≈≈P
#########♣≈.≈≈≈≈≈≈P≈≈≈≈≈≈≈≈


You could see a gnoll and a jackal.

Vanquished Creatures
  2 gnolls (D:2)
  An endoplasm (D:1)
  A giant cockroach (D:1)
  2 goblins
  4 jackals (D:2)
  A quokka (D:1)
  A ball python (D:1)
  3 bats
  2 kobolds (D:1)
17 creatures vanquished.

Vanquished Creatures (others)
  8 plants (D:2)
8 creatures vanquished.

Grand Total: 25 creatures vanquished

Notes
Turn   | Place    | Note
-------+----------+-------------------------------------------
     0 | D:1      | zishaf the Vine Stalker Brigand began the quest for the
                  | Orb.
     0 | D:1      | Reached XP level 1. HP: 11/11 MP: 2/2
   418 | D:1      | Reached skill level 1 in Dodging
   418 | D:1      | Reached skill level 5 in Stealth
   441 | D:1      | Reached XP level 2. HP: 15/15 MP: 3/3
   873 | D:2      | Reached XP level 3. HP: 9/18 MP: 2/4
   892 | D:2      | Slain by a gnoll

Illustrated notes

Levels and vault maps discovered:
D:1:      matt_arrival_refuge, layout_basic
D:2:      layout_loops_ring, minmay_misc_feat_more_columns,
          serial_bayou_lagoon_b

Skill      XL: |  1  2 |
---------------+-------+-----
Dodging        | 1 |  1.0
Stealth        | 5 |  5.3
Short Blades   | 2 |  2.3
Fighting       | 2 |  2.3
Throwing       | |  1.7

Action                   || total
-------------------------++-------
Melee: Dagger            ||    23
       Bite              ||     3
       Punch             ||     1
 Fire: Hunting sling     ||    18
Throw: Dart              ||     6
Armor: Robe              ||    12
Dodge: Dodged            ||    35

Table legend: (Time is in decaauts)
 A = Elapsed time spent in this place.
 B = Non-inter-level travel time spent in this place.
 C = Inter-level travel time spent in this place.
 D = Time resting spent in this place.
 E = Time spent auto-exploring this place.
 F = Levels seen in this place.
 G = Mean time per level.
                   A        B        C        D        E       F      G
               +--------+--------+--------+--------+--------+-----+--------+
         Total |    913 |    856 |     57 |      0 |    695 |   2 |  456.5 |
       Dungeon |    913 |    856 |     57 |      0 |    695 |   2 |  456.5 |
               +--------+--------+--------+--------+--------+-----+--------+

Top non-repeatable levels by time:
     D:1: 647 daAuts
     D:2: 266 daAuts
